 Dungeon Crawl Stone Soup version 0.28.0-49-g6dfe1f597d (webtiles) character file.

Game seed: 6794345411848903505

57 Atelerd the Digger (level 4, 0/27 HPs)
             Began as an Octopode Earth Elementalist on May 15, 2022.
             Slain by a rat (3 damage)
             ... on level 2 of the Dungeon.
             The game lasted 00:01:03 (1815 turns).

Atelerd the Digger (Octopode Earth Elementalist)    Turns: 1815, Time: 00:01:03

Health: 0/27       AC:  1    Str:  7    XL:     4   Next: 0%
Magic:  4/8        EV: 13    Int: 25    God:
Gold:   54         SH:  0    Dex: 12    Spells: 7/8 levels left

rFire   . . .      SeeInvis .   e - +2 flail (protect)
rCold   . . .      Faith    .   (no shield)
rNeg    . . .      Spirit   .   (helmet restricted)
rPois   .          Reflect  .   (no amulet)
rElec   .          Harm     .   f - ring of willpower
rCorr   .          Rampage  .   h - +6 ring of intelligence
Will    +....                   (no ring)
Stlth   +++.......              (no ring)
HPRegen 0.09/turn               (no ring)
MPRegen 0.11/turn               (no ring)
                                (no ring)
                                (no ring)

@: lethally poisoned (0 -> -1), very slightly contaminated
A: almost no armour, amphibious, 8 rings, camouflage 1, gelatinous body 1,
(nimble swimmer 1), tentacles
a: no special abilities


You were on level 2 of the Dungeon.
You visited 1 branch of the dungeon, and saw 2 of its levels.

You collected 54 gold pieces.

Inventory:

Hand Weapons
 e - a +2 flail of protection (weapon)
Missiles
 b - 49 stones
Magical Staves
 a - a staff of conjuration
Jewellery
 f - a ring of willpower (left tentacle)
 h - a +6 ring of intelligence (right tentacle)
 k - a ring of wizardry
Scrolls
 d - a scroll of identify {unknown}
 g - 2 scrolls of fog {unknown}
 i - a scroll of blinking {unknown}
Potions
 c - a potion of heal wounds {unknown}
 j - a potion of curing {unknown}


   Skills:
 - Level 2.0 Dodging
 - Level 2.6 Stealth
 + Level 2.7 Spellcasting
 + Level 2.2 Transmutations
 + Level 3.6 Earth Magic


You had 7 spell levels left.
You knew the following spells:

 Your Spells              Type           Power      Damage    Failure   Level
a - Sandblast             Erth           42%        2d11      2%          1

Your spell library contained the following spells:

 Spells                   Type           Power      Damage    Failure   Level
 Passwall                 Tmut/Erth      15%        N/A       4%          2
 Pain                     Necr           12%        1d4       11%         1
 Stone Arrow              Conj/Erth      24%        3d8       14%         3
 Petrify                  Tmut/Erth      18%        N/A       30%         4
 Agony                    Necr           3%         N/A       96%         5
 Excruciating Wounds      Necr           1%         N/A       96%         5


Dungeon Overview and Level Annotations

Branches:
Dungeon (2/15)

Altars:


Innate Abilities, Weirdness & Mutations

You cannot wear most types of armour.
You are amphibious.
You can wear up to eight rings at the same time.
Your skin changes colour to match your surroundings (Stealth+).
Your rubbery body absorbs attacks. (AC +1, EV +1)
((You are camouflaged when in or above water. (Stealth+)))
You have tentacles for arms and can constrict up to eight enemies at once.


Message History

The adder closely misses you.
There are monsters nearby!
You barely miss the ball python. You grab the ball python.
You constrict the ball python.
You feel sick. The ball python completely misses you.
The ball python constricts you. The adder bites you.
The ball python closely misses you. The ball python constricts you.
The adder bites you.
* * * LOW HITPOINT WARNING * * *
There are monsters nearby!
You are too injured to fight recklessly!
You are too injured to fight recklessly!
Okay, then.
You sock the adder!
Your weapon exudes an aura of protection.
You grab the adder.
The adder is almost dead.
You constrict the adder.
You kill the adder!
You constrict the ball python.
You kill the ball python!
* * * LOW HITPOINT WARNING * * *
You feel sick.
You have reached level 4!
A rat is nearby!
Casting: Sandblast (safe; 2% risk of failure)
Confirm with . or Enter, or press ? or * to list all spells.
Aiming: Sandblast (safe; 2% risk of failure)
Press: ? - help, Shift-Dir - straight line, f - rat
Aim: a rat (81% to hit)
You miscast Sandblast.
You are very lightly contaminated with residual magic.
Nothing appears to happen.
You feel sick.
Unknown command.
Casting: Sandblast (safe; 2% risk of failure)
Confirm with . or Enter, or press ? or * to list all spells.
Aiming: Sandblast (safe; 2% risk of failure)
Press: ? - help, Shift-Dir - straight line, f/p - rat
Aim: a rat (81% to hit)
The blast of sand misses the rat.
You feel sick. The rat bites you.
You die...

[.............># #.#.
#######......#####.#.
#.##.......#...
##########.##.†.....###.
...........##.......'...
#####...#..##.......####
........##.##......†#
####....##†.#.......#
#...@##..##+######
#...r##..##.#
#....##..##.#
#....##..##.#
#...<##..##.#########
#....##..............
#....####.#.#########
#....# #.#.# #.#.#


You could see a rat.

Vanquished Creatures
  2 adders (D:2)
  A gnoll (D:1)
  A worm (D:2)
  A dart slug (D:1)
  2 endoplasms (D:1)
  A giant cockroach (D:1)
  A goblin (D:1)
  3 hobgoblins
  3 ball pythons
  5 bats
  2 frilled lizards
  2 kobolds (D:1)
  2 rats
26 creatures vanquished.

Notes
Turn   | Place    | Note
-------+----------+-------------------------------------------
     0 | D:1      | Atelerd the Octopode Earth Elementalist began the quest for
                  | the Orb.
     0 | D:1      | Reached XP level 1. HP: 11/11 MP: 3/3
   183 | D:1      | Reached XP level 2. HP: 8/17 MP: 1/5
  1054 | D:1      | Reached XP level 3. HP: 21/21 MP: 6/6
  1814 | D:2      | Reached XP level 4. HP: 5/27 MP: 6/8
  1815 | D:2      | Slain by a rat

Illustrated notes

Levels and vault maps discovered:
D:1:      elethiomel_arrival_quiet, layout_loops_corners
D:2:      layout_basic

Skill      XL: |  1  2  3 |
---------------+----------+-----
Transmutations | 2 |  2.2
Dodging        | |  2.0
Stealth        | |  2.6
Spellcasting   | |  2.7
Earth Magic    | |  3.6

Action                   |  1- 3 |  4- 6 || total
-------------------------+-------+-------++-------
Melee: Staff             |     2 |       ||     2
       Tentacles         |     8 |       ||     8
       Constrict         |     9 |       ||     9
       Flail             |    35 |       ||    35
       Punch             |     1 |       ||     1
 Cast: Sandblast         |     2 |     1 ||     3
 Stab: Sleeping          |    11 |       ||    11
Armor: Skin              |     6 |       ||     6
Dodge: Dodged            |    23 |       ||    23
